AoeStats
← 熊大来袭

Arena

510689726Analyzed
4v4 RM · 15h ago on Oct 2, 2026· 18m 35s· 8 players
Game mode
Random Map
Map size
Large (8 player)
Population
200
Speed
Normal
Resources
Standard
Victory
Conquest
Starting age
Dark Age
Ending age
Imperial Age
RankedLock teamsTeams togetherTeam positionsShared explorationLock speedFull tech treeHidden civsTurbo modeCheats
Victory
Defeat
🇲🇽 Danes · Mexico
1366
+11
🇲🇽 Mapuche · Mexico
1359
+11
🇷🇺 Saracens · Russia
1311
+13
🇨🇳 Jurchens · China
1226
+15
🇩🇪 Ethiopians · Germany
1261
-13
🇵🇪 Varangians · Peru
1246
-13
🇺🇸 Cumans · United States
1243
-13
🇲🇽 Persians · Mexico
1198
-11
oscabar85
10:49 Feudal Age
9:05 Loom
15:02 Castle Age
13:51 Double-Bit Axe
13:59 Horse Collar
Diheadwarlord
6:26 Loom
8:47 Feudal Age
11:55 Double-Bit Axe
14:58 Horse Collar
15:14 Fletching
Christ
10:01 Feudal Age
14:43 Castle Age
13:06 Double-Bit Axe
14:26 Horse Collar
16:05 Bow Saw
软脚虾3号
10:18 Feudal Age
13:47 Castle Age
11:53 Double-Bit Axe
12:04 Horse Collar
14:50 Bow Saw
Herby
10:53 Feudal Age
13:00 Loom
16:06 Castle Age
14:30 Gold Mining
15:24 Double-Bit Axe
21:42 Imperial Age
[Pb] Komodo 3000
9:46 Feudal Age
13:13 Castle Age
13:17 Gold Mining
13:18 Double-Bit Axe
熊大来袭
10:28 Feudal Age
15:05 Castle Age
13:06 Double-Bit Axe
13:42 Horse Collar
Warrior
2:30 Loom
7:05 Loom
9:19 Feudal Age
11:03 Double-Bit Axe
14:47 Fletching
16:43 Padded Archer Armor
17:30 Horse Collar
Connection lost

Rejoining the realm…

Still unreachable

The connection could not be restored.

Session expired

The server has moved on; the page needs a fresh start.